 Dungeon Crawl Stone Soup version 0.25-a0-97-g19cdb01801 (webtiles) character file.

Game seed: 10396743166882384601, levelgen mode: deterministic

4958 Barrydekale the Geomancer (level 10, -2/59 HPs)
             Began as a Gargoyle Earth Elementalist on Nov 12, 2019.
             Was a Priest of Vehumet.
             Slain by a killer bee (7 damage)
             ... on level 9 of the Dungeon.
             The game lasted 00:45:49 (9085 turns).

Barrydekale the Geomancer (GrEE)                    Turns: 9085, Time: 00:45:49

Health: -2/59      AC: 12    Str: 11    XL:     10   Next: 53%
Magic:  12/28      EV: 15    Int: 20    God:    Vehumet [***...]
Gold:   106        SH:  0    Dex: 10    Spells: 8/21 levels left

rFire    . . .     SeeInvis .   K - +0 trident (protect)
rCold    . . .     Gourm    .   (no shield)
rNeg     + . .     Faith    .   c - +0 robe
rPois    ∞         Spirit   .   M - +0 helmet
rElec    +         Reflect  .   (no cloak)
rCorr    .         Harm     .   z - +0 pair of gloves
MR       .....                  (no boots)
Stlth    +++.......             (no amulet)
HPRegen  0.19/turn              p - ring of magical power
MPRegen  0.21/turn              E - +2 ring of evasion

@: very slightly contaminated, studying Translocations
A: negative energy resistance 1, electricity resistance, unbreathing,
petrification resistance, rot immunity, AC +7
a: Renounce Religion


You were on level 9 of the Dungeon.
You worshipped Vehumet.
Vehumet was most pleased with you.
You were hungry.

You visited 2 branches of the dungeon, and saw 10 of its levels.

You collected 457 gold pieces.
You spent 351 gold pieces at shops.

Inventory:

Hand Weapons
 f - a +0 short sword
 w - a +1 flail of holy wrath
 K - a +0 trident of protection (weapon)
Missiles
 b - 122 stones (quivered)
 F - 9 throwing nets
 L - 2 javelins
Armour
 c - a +0 robe (worn)
 k - a +0 large shield
 z - a +0 pair of gloves (worn)
 M - a +0 helmet (worn)
Jewellery
 p - a ring of magical power (left hand)
 q - an uncursed ring of flight
 E - a +2 ring of evasion (right hand)
Wands
 r - a wand of paralysis (5)
 u - a wand of disintegration (17)
 y - a wand of iceblast (9)
 J - a wand of acid (6)
Scrolls
 a - 3 scrolls of remove curse
 e - 2 scrolls of enchant armour {unknown}
 i - a scroll of enchant weapon {unknown}
 j - a scroll of fog
 m - a scroll of noise {unknown}
 n - a scroll of amnesia {unknown}
 x - a scroll of random uselessness {unknown}
 A - a scroll of fear {unknown}
 B - 2 scrolls of silence
 C - 6 scrolls of teleportation
 D - a scroll of holy word {unknown}
 G - a scroll of magic mapping
Potions
 g - 4 potions of curing
 h - a potion of brilliance
 l - a potion of agility {unknown}
 o - a potion of haste {unknown}
 s - a potion of flight {unknown}
 v - 2 potions of lignification
 I - a potion of mutation
Books
 t - a manual of Translocations
Comestibles
 d - 12 rations


   Skills:
 - Level 5.0 Fighting
 - Level 5.0 Armour
 + Level 3.5 Dodging
 + Level 6.1 Stealth
 + Level 6.1 Spellcasting
 - Level 5.0 Conjurations
 - Level 4.0 Transmutations
 - Level 10.1 Earth Magic


You had 8 spell levels left.
You knew the following spells:

 Your Spells              Type           Power        Failure   Level  Hunger
a - Sandblast             Erth           #####.       1%          1    None
b - Stone Arrow           Conj/Erth      #####.       1%          3    ##.....
c - Lee's Rapid Deconstr  Erth           #####.....   1%          5    #####..
d - Petrify               Tmut/Erth      ####....     5%          4    ####...

Your spell library contained the following spells:

 Spells                   Type           Power        Failure   Level  Hunger
 Throw Frost              Conj/Ice       ###...       1%          2    None
 Magic Dart               Conj           ####         1%          1    None
 Passwall                 Tmut/Erth      ####....     1%          2    None
 Searing Ray              Conj           ####..       1%          2    None
 Dazzling Spray           Conj/Hex       ###...       3%          3    ##.....
 Iskenderun's Mystic Bla  Conj           ####....     3%          4    ####...
 Animate Skeleton         Necr           N/A          11%         1    None
 Apportation              Tloc           #.....       11%         1    None
 Confusing Touch          Hex            #.....       11%         1    None
 Summon Small Mammal      Summ           #...         11%         1    None
 Force Lance              Conj/Tloc      ###.....     11%         4    ####...
 Fulminant Prism          Conj/Hex       ###.......   11%         4    ####...


Dungeon Overview and Level Annotations

Branches:
Dungeon (9/15)             Temple (1/1) D:6
   Lair: D:8-11         Orc: D:9-12

Altars:
Ashenzari
Cheibriados
Dithmenos
Elyvilon
Fedhas
Gozag
Hepliaklqana
Kikubaaqudgha
Qazlal
Ru
Trog
Uskayaw
Vehumet
Wu Jian
Xom
Yredelemnul
The Shining One

Shops:
D:8 ?


Innate Abilities, Weirdness & Mutations

You are resistant to torment.
Your stone body is resilient. (AC +7)
You are immune to poison.
You resist negative energy. (rN+)
You are resistant to electric shocks. (rElec)
You can survive without breathing.
You are immune to petrification.
You are immune to rotting.


Message History

The killer bee goes berserk!
You hear an angry buzzing noise.
Blink to where?
Press: ? - help, Dir - move target cursor, p - queen bee You are very lightly contaminated with residual magic.
As you read the scroll of blinking, it crumbles to dust.
You hear an angry buzzing noise. x3
As you read the scroll of fog, it crumbles to dust.
The scroll dissolves into smoke.
The killer bee rages.
The killer bee closely misses you. The killer bee barely misses you.
The killer bee closely misses you. The killer bee barely misses you.
You hear an angry buzzing noise.
The killer bee misses you. x2
You hear an angry buzzing noise.
The killer bee barely misses you. The killer bee stings you.
* * * LOW HITPOINT WARNING * * *
The killer bee stings you!
You die...

#......#.#.#.#
######.#.#.#.#
#...#.#.#.#.#
#.#.#.#.#.#.#
#.....#.#.#.#
###.#..<#.#.#
#.#.#§#.#.#
#.#§#§#.#.#
#.#§§@§.#.#
#.###y###.#
#..§§y§§..#
###########§#####
.........§§§#
######y##### #.#
#y# #y##


You could see 2 killer bees.

Vanquished Creatures
  A hornet (D:7)
  A hippogriff (D:9)
  Grum (D:8)
  2 sky beasts
  2 ice beasts
  8 ogres
  A black bear (D:8)
  2 phantoms
  2 wolves (D:8)
  A necrophage (D:7)
  4 centaurs
  A crocodile (D:8)
  5 bullfrogs
  3 gnoll sergeants (D:8)
  A scorpion (D:8)
  7 killer bees
  5 wights (D:8)
  3 electric eels (D:8)
  A bullfrog zombie (D:8)
  2 crimson imps
  A quasit (D:5)
  A jelly (D:4)
  An orc priest (D:3)
  A centaur skeleton (D:9)
  5 orc wizards
  2 gnoll shamans (D:8)
  7 hounds (D:8)
  4 iguanas
  2 bullfrog skeletons
  8 worker ants
  2 worker ant zombies (D:8)
  A howler monkey skeleton (D:7)
  2 adders
  22 gnolls
  A shadow imp (D:5)
  An adder skeleton (D:4)
  2 adder zombies
  2 worms
  4 dart slugs
  3 leopard geckos
  14 orcs
  A ball python (D:1)
  4 bats
  2 giant cockroaches
  6 goblins
  10 hobgoblins
  3 jackals (D:8)
  10 kobolds
  3 quokkas
  5 frilled lizards
  2 leopard gecko skeletons
  5 rats
190 creatures vanquished.

Vanquished Creatures (others)
  A gnoll (D:8)
1 creature vanquished.

Grand Total: 191 creatures vanquished

Notes
Turn   | Place    | Note
-------+----------+-------------------------------------------
     0 | D:1      | Barrydekale the Gargoyle Earth Elementalist began the quest
                  | for the Orb.
     0 | D:1      | Reached XP level 1. HP: 10/10 MP: 3/3
   611 | D:1      | Reached XP level 2. HP: 15/15 MP: 0/5
   638 | D:1      | Reached skill level 4 in Earth Magic
  1140 | D:1      | Reached XP level 3. HP: 9/19 MP: 2/6
  1145 | D:1      | Learned a level 3 spell: Stone Arrow
  2087 | D:2      | Reached skill level 1 in Conjurations
  2167 | D:2      | Reached XP level 4. HP: 24/24 MP: 1/7
  2201 | D:2      | Reached skill level 5 in Earth Magic
  2669 | D:3      | Found a white marble altar of Elyvilon.
  2724 | D:3      | Found a shimmering altar of Xom.
  3061 | D:3      | Reached XP level 5. HP: 28/28 MP: 4/8
  3597 | D:4      | Reached skill level 6 in Earth Magic
  3597 | D:4      | Reached XP level 6. HP: 32/32 MP: 6/9
  3782 | D:4      | Reached XP level 7. HP: 29/36 MP: 6/12
  3918 | D:4      | Learned a level 5 spell: Lee's Rapid Deconstruction
  3923 | D:4      | Learned a level 4 spell: Petrify
  4000 | D:4      | Reached skill level 7 in Earth Magic
  4079 | D:4      | Reached skill level 5 in Conjurations
  4427 | D:5      | Entered Level 5 of the Dungeon
  4534 | D:5      | Reached XP level 8. HP: 41/41 MP: 14/14
  4594 | D:5      | Got an iridescent mace
  4595 | D:5      | Identified the cursed +0 mace "Dunys" {flame, *Slow MR++
                  | Dex+5} (You found it on level 5 of the Dungeon)
  4609 | D:5      | Reached skill level 8 in Earth Magic
  5005 | D:6      | Reached skill level 5 in Spellcasting
  5005 | D:6      | Reached skill level 1 in Transmutations
  5081 | D:6      | Found a staircase to the Ecumenical Temple.
  5114 | Temple   | Entered the Ecumenical Temple
  5119 | Temple   | Became a worshipper of Vehumet
  5152 | D:6      | Got a ripped robe
  5165 | D:6      | Identified the +1 robe of Thoughtfulness {*Slow MR+ Str+2}
                  | (You found it on level 6 of the Dungeon)
  5359 | D:6      | Reached skill level 9 in Earth Magic
  5696 | D:7      | Noticed a hornet
  5756 | D:7      | Reached XP level 9. HP: 41/45 MP: 16/16
  5903 | D:7      | Killed a hornet
  5903 | D:7      | Reached skill level 1 in Fighting
  5903 | D:7      | Reached skill level 1 in Armour
  5903 | D:7      | Reached skill level 10 in Earth Magic
  6168 | D:7      | Reached * piety under Vehumet
  6168 | D:7      | Offered knowledge of Magic Dart by Vehumet.
  7106 | D:8      | Noticed Grum
  7108 | D:8      | Killed Grum
  7573 | D:8      | Reached XP level 10. HP: 58/58 MP: 17/17
  7646 | D:8      | Reached skill level 5 in Stealth
  7655 | D:8      | Found Bevixo's Magic Scroll Shoppe.
  7934 | D:8      | Reached ** piety under Vehumet
  7934 | D:8      | Reached skill level 5 in Fighting
  7934 | D:8      | Reached skill level 5 in Armour
  7976 | D:8      | Offered knowledge of Sting by Vehumet.
  8004 | D:8      | Bought a scroll of magic mapping for 52 gold pieces
  8004 | D:8      | Bought a scroll of teleportation for 45 gold pieces
  8004 | D:8      | Bought a scroll of silence for 112 gold pieces
  8004 | D:8      | Bought a scroll of blinking for 112 gold pieces
  8004 | D:8      | Bought a scroll of identify for 30 gold pieces
  8212 | D:8      | Found a bloodstained altar of Trog.
  8487 | D:8      | Offered knowledge of Throw Frost by Vehumet.
  9071 | D:9      | Reached *** piety under Vehumet
  9085 | D:9      | Slain by a killer bee

Levels and vault maps discovered:
D:1:      giann_wishing_wells, layout_loops_corners
D:2:      layout_loops_corners
D:3:      layout_basic, tgw_xom, elyvilon_altar_3, first_ration
D:4:      layout_rooms, minmay_manual_mares
D:5:      layout_rooms
D:6:      layout_rooms, minmay_temple_entry_waves
D:7:      layout_basic, serial_bayou_pond_d, item_on_display_a
D:8:      layout_cave_pools, serial_shops, nicolae_shop_waterfront,
          serial_gnoll_camp, gnoll_camp_huts_moat, gnoll_camp_mini_loothouse,
          gnoll_camp_mini_house, grums_kennel, gnoll_camp_mini_hut,
          trog_hazing_becter
D:9:      layout_basic, okawaru_gym_becter, chequers_temple_overflow_minitemple,
          nicolae_overflow_crystal_walls, david_nohive_1,
          chequers_serial_rivers_micro_a
Temple:   minmay_freezing_vapour_temple

Skill      XL: |  1  2  3  4  5  6  7  8  9 10 |
---------------+-------------------------------+-----
Earth Magic    | 4 5 6 7 9 10 | 10.1
Conjurations   | 1 2 3 4 5 |  5.0
Spellcasting   | 3 4 5 6 |  6.1
Transmutations | 3 4 |  4.0
Fighting       | 4 5 |  5.0
Armour         | 4 5 |  5.0
Stealth        | 4 6 |  6.1
Dodging        | 3 |  3.5

Action                   |  1- 3 |  4- 6 |  7- 9 | 10-12 || total
-------------------------+-------+-------+-------+-------++-------
Melee: Club              |    21 |       |       |       ||    21
       Short sword       |    47 |    19 |    26 |     7 ||    99
       Unarmed           |    22 |       |       |       ||    22
       Trident           |       |       |       |     9 ||     9
Throw: Javelin           |       |    11 |    30 |     4 ||    45
       Stone             |       |       |     2 |     4 ||     6
 Cast: Sandblast         |    23 |    43 |    64 |    30 ||   160
       Stone Arrow       |     1 |     2 |    59 |    30 ||    92
       Lee's Rapid Decon |       |       |     6 |    24 ||    30
Evoke: Wand              |       |       |       |     1 ||     1
  Use: Scroll            |       |       |     3 |     7 ||    10
 Stab: Sleeping          |     5 |     2 |     2 |       ||     9
  Eat: Chunk             |     4 |     6 |    10 |     9 ||    29
       Ration            |       |       |     2 |     1 ||     3
Armor: Robe              |    47 |    16 |    21 |    29 ||   113
Dodge: Dodged            |    92 |    35 |    56 |    81 ||   264

Table legend:
 A = Non-vault XP
 B = Vault XP
 C = Vault XP percentage of total XP
 D = Non-vault monster count
 E = Vault monster count
 F = Vault count percentage of total count
                 A         B        C        D         E       F
            +---------+---------+-------+---------+---------+-------
      Total |    5279 |    1805 |  25.5 |     142 |      48 |  25.3
            +---------+---------+-------+---------+---------+-------
        D:1 |      43 |       0 |   0.0 |      22 |       0 |   0.0
        D:2 |      79 |       0 |   0.0 |      14 |       0 |   0.0
        D:3 |     143 |       0 |   0.0 |      14 |       0 |   0.0
        D:4 |     504 |     224 |  30.8 |      16 |       2 |  11.1
        D:5 |     434 |       0 |   0.0 |      11 |       0 |   0.0
        D:6 |     824 |       0 |   0.0 |      17 |       0 |   0.0
        D:7 |    1456 |       0 |   0.0 |      19 |       0 |   0.0
        D:8 |    1276 |    1335 |  51.1 |      25 |      42 |  62.7
        D:9 |     520 |     246 |  32.1 |       4 |       4 |  50.0
            +---------+---------+-------+---------+---------+-------
